← All builds
Tech / Armada / Economy first / OBSERVED BUILD

Standard tech

Armada Tech (Eco) build order · Supreme Isthmus

Rushes T2 by 4:15, gets Advanced Metal Extractor around 5:28, hands off T2 constructors to Geo and the team, then scales eco and supplies the team's T2 needs through the rest of the game.

Usually first T2 con to Geo (83%)

#eco #t2 #team support · 1574 distinct matches · 255 players · 58% of Armada Tech games · team won 53% of 1868 · Recently observed

HOW TO PLAY IT

Key timing: T2 factory by 4:15

  1. Open 3 mex and heavy wind to fund a fast T2 rush.
  2. Put down Bot Lab, planning to eat it for reclaim soon after.
  3. Get Advanced Bot Lab up, hitting the T2 factory rush timing.
  4. Upgrade mex to Advanced Metal Extractor to lock in team metal income.
  5. Eat Advanced Bot Lab and keep sending cons to Geo and Pond.

Phase by phase

TYPICAL OF ITS 1574 GAMES
  1. 1
  2. 2
  3. 3
  4. 4
PLAY THE OPENING

Follow the example game's first 6:00 step by step: what to build now, what comes next, and where it goes. At 1× it keeps pace with your own game.

  1. 1

    Up to the Bot Lab

    Economy
    • Metal Extractor3Mex
    • Wind Turbine4Wind
    Order
    1. Bot LabBot Lab after 3 mex, 4 winddone ~1:18, middle half 1:13–1:32

    Some games also: energy storage (31%)

    By 1:01 in all: 3 mex · 4 wind

    The example game in this phase · 7 steps
    1. Mex ×2
    2. Wind
    3. Mex
    4. Wind ×3
    5. Energy storage
    6. Wind
    7. Bot LabBot Labdone 1:33 · typical 1:18
  2. 2

    Bot Lab to Advanced Bot Lab

    Economy
    • Metal Extractor1Mex
    • Wind Turbine8Wind
    • Energy Storage1Energy storage
    Order
    1. Advanced Bot LabAdvanced Bot Lab after 4 mex, 12 wind, 3 con turretdone ~4:16, middle half 4:04–4:30
    Builders
    • Construction Turret3 Con turret
    • Lazarus3 Lazarus
    • Construction Bot2 Con bot
    • Construction Bot1 Con bot for allies

    Some games also: converter (36%)

    By 3:18 in all: 4 mex · 12 wind · 1 energy storage · 3 con turret

    The example game in this phase · 21 steps
    1. Construction BotCon bot
    2. Wind
    3. Construction BotCon bot
    4. Wind ×2
    5. LazarusLazarus
    6. Wind
    7. Mex
    8. LazarusLazarus
    9. Wind ×2
    10. LazarusLazarus
    11. Wind
    12. Construction BotCon bot
    13. Wind
    14. Con turret
    15. Wind
    16. Bot LabEat Bot Labreclaimed for its metal
    17. Con turret
    18. Wind
    19. Con turret
    20. Wind
    21. Advanced Bot LabAdvanced Bot Labdone 4:27 · typical 4:16
  3. 3

    Advanced Bot Lab to 5:00

    Economy
    • Wind Turbine3Wind
    Order
    1. Bot LabEat Bot Lab
    Builders
    • Advanced Construction Bot1 T2 con bot for allies

    Some games also: converter (35%)

    By 5:00 in all: 4 mex · 15 wind · 1 converter · 1 energy storage · 3 con turret

    The example game in this phase · 5 steps
    1. Wind ×2
    2. Advanced Construction BotT2 con botfor Geo
    3. Wind
    4. Advanced Metal ExtractorT2 mexdone 5:44 · typical 5:29
    5. Wind
  4. 4

    5:00 to 10:00

    Economy
    • Wind Turbine43Wind
    • Energy Converter6Converter
    Builders
    • Butler9 Butler
    • Advanced Construction Bot4 T2 con bot for allies
    • Advanced Construction Bot1 T2 con bot

    Some games also: con turret (43%) · Butler for allies (37%)

    By 10:00 in all: 4 mex · 58 wind · 8 converter · 1 energy storage · 3 con turret

    The example game in this phase · 233 steps
    1. Advanced Metal ExtractorT2 mex
    2. Wind ×2
    3. Converter
    4. Wind
    5. Advanced Construction BotT2 con botfor Air
    6. Wind
    7. ButlerButler
    8. Advanced Metal ExtractorT2 mex
    9. ButlerButler
    10. Advanced Metal ExtractorT2 mex
    11. Wind
    12. ButlerButler ×2
    13. Advanced Construction BotT2 con bot ×2for Geo sea
    14. Wind ×3
    15. ButlerButler
    16. Wind
    17. ButlerButler
    18. Wind
    19. ButlerButler
    20. Wind ×2
    21. Advanced Construction BotT2 con botfor Pond
    22. Wind
    23. Converter
    24. Wind
    25. Advanced Construction BotT2 con botfor Suicide front
    26. Wind ×3
    27. Converter
    28. Wind ×2
    29. Advanced Construction BotT2 con bot
    30. Wind ×3
    31. ButlerButler
    32. Wind
    33. Converter
    34. Wind ×2
    35. ButlerButler
    36. Wind ×5
    37. Converter
    38. ButlerButler
    39. Wind ×4
    40. ButlerButler
    41. Converter ×2
    42. Wind ×4
    43. ButlerButler
    44. Wind ×2
    45. Converter
    46. Wind ×2
    47. Converter
    48. ButlerButler
    49. Converter
    50. Wind ×2
    51. Converter
    52. Wind
    53. Converter
    54. Wind ×3
    55. Converter ×2
    56. Wind
    57. ButlerButler
    58. Wind
    59. Converter
    60. Wind
    61. Converter
    62. ButlerButler
    63. Wind ×3
    64. Converter
    65. ButlerButler
    66. Converter
    67. Wind ×4
    68. Converter
    69. ButlerButler
    70. Converter
    71. Wind
    72. Converter
    73. Wind ×4
    74. Converter
    75. ButlerButler
    76. Wind ×5
    77. Converter
    78. Wind
    79. Converter
    80. Wind ×4
    81. Converter
    82. Wind
    83. ButlerButler
    84. Wind
    85. Converter
    86. Wind ×5
    87. Converter
    88. Wind ×3
    89. Converter
    90. Wind
    91. ButlerButler
    92. Wind ×7
    93. Converter ×2
    94. Wind ×6
    95. UmbrellaAnti-nukedone 12:04
    96. Converter
    97. Wind ×3
    98. Converter
    99. Wind ×5
    100. Converter
    101. Wind ×8
    102. Converter ×3
    103. Wind ×6
    104. Converter
    105. Wind ×2
    106. Energy storage
    107. Wind ×7
    108. Converter
    109. Wind ×6
    110. Converter
    111. Wind ×2
    112. Converter
    113. Wind ×7
    114. Converter
    115. Wind
    116. Converter
    117. Wind ×7
    118. Converter
    119. Wind ×6
    120. Converter
    121. Wind
    122. Metal storage
    123. Wind
    124. Converter
    125. Wind ×9
    126. Converter
    127. Wind ×2
    128. Advanced Construction BotT2 con bot
    129. Wind ×4
    130. Converter
    131. Wind
    132. Converter
    133. Wind ×3
    134. Converter
    135. Wind ×4
    136. Converter
    137. Wind ×9
    138. Converter
    139. Wind ×8
    140. Converter
    141. Wind
    142. Advanced Construction BotT2 con bot
    143. Converter
    144. Wind ×3
    145. Converter
    146. Wind ×5
    147. Converter
    148. Wind ×5
    149. TracerTracer
    150. Wind
    151. Con turret
    152. Converter
    153. Wind ×5
    154. Converter
    155. Wind ×3
    156. Converter
    157. Wind ×4
    158. Con turret
    159. Wind ×2
    160. Converter
    161. Wind ×6
    162. Converter
    163. Wind ×6
    164. Converter
    165. Wind ×5
    166. Converter ×2
    167. Wind ×8
    168. Converter
    169. Aircraft PlantAircraft Plantdone 13:50
    170. Wind ×2
    171. Advanced Bot LabEat Advanced Bot Labreclaimed for its metal
    172. Wind ×5
    173. Con turret
    174. Converter
    175. Wind ×3
    176. T2 converter
    177. Wind
    178. Converter
    179. Wind ×4
    180. Converter
    181. Wind ×5
    182. ValiantValiant
    183. Wind ×4
    184. Converter
    185. Wind ×4
    186. ValiantValiant
    187. Wind ×4
    188. Converter
    189. Wind ×2
    190. Con turret
    191. ValiantValiant
    192. Wind ×6
    193. Con turret
    194. Converter ×2
    195. Wind ×2
    196. ValiantValiant
    197. Wind ×2
    198. T2 converter
    199. Wind
    200. Con turret
    201. Wind ×3
    202. Converter
    203. Wind ×3
    204. ValiantValiant
    205. Wind ×2
    206. Con turret
    207. Wind
    208. Converter
    209. Wind
    210. Con turret
    211. Wind ×4
    212. ValiantValiant
    213. Con turret
    214. Wind
    215. Converter
    216. Wind ×3
    217. Con turret
    218. Converter
    219. Wind ×5
    220. ValiantValiant
    221. Wind ×5
    222. ValiantValiant
    223. Wind
    224. Fusion ReactorFusionnot finished by 15:00
    225. Wind
    226. Converter
    227. Wind ×2
    228. ValiantValiant
    229. Wind ×5
    230. Converter ×2
    231. Wind ×7
    232. Converter
    233. Wind ×3

Counts are medians over the build's games: half of them build more, half fewer. The example game is gamercore's (30 OS, 12/10/2026); pick another.

Team trades

IN AT LEAST 30% OF ITS GAMES

You hand over

  • Construction Bot1 Con bot to Airfirst at 2:24 · in 84% of games
  • Advanced Construction Bot5 T2 con bot to Air or Geo sea or Pondfirst at 4:50 · in 99% of games
  • Butler2 Butler to Geo sea or Beach sea or Pondfirst at 9:07 · in 42% of games

You get

  • Hercules1 Light transport from Airfirst at 4:01 · in 86% of games

How it plays out

Typical game of this build, running totals by minute

Metal produced

020k40k
0:005:0010:0015:00

metal

Enemy metal destroyed

050100
0:005:0010:0015:00

metal

Own metal lost

050100150
0:005:0010:0015:00

metal

1868 games.

Show as table
ByMetal produced: This buildEnemy metal destroyed: This buildOwn metal lost: This build
1:0038300
2:0091500
3:00165100
4:00314300
5:00484800
6:00580000
7:00722700
8:00906100
9:001116900
10:001350200
11:001623900
12:001965200
13:002344100
14:0027357074
15:003153885130
WHAT THE NUMBERS SAY

Standard Tech play barely fights at all early, instead pouring metal into T2 infrastructure and constructors for the team.

  • + Metal produced hits 31679 by 15:00, by far the highest of any role here.
  • + T2 factory reached in 97% of games by 4:15, fastest and most reliable T2 timing.
  • − Enemy metal destroyed stays at 0 through 10:00, no early offense at all.
  • − Own metal lost also near 0, showing total avoidance of combat risk.
THE EXAMPLE YOU ARE READING

gamercore

30.2 OS · 12/10/2026

Open source match ↗

2 received units · includes a constructor
986 metal received · 22198 energy received

Allied construction assistance is unknown. Timings are observations, not a promise of solo reproducibility.

Typical milestones

Bot Lab1:18Middle 50%: 1:13–1:32 · n=1868
Advanced Bot Lab4:16Middle 50%: 4:04–4:30 · n=1861
Advanced Metal Extractor5:29Middle 50%: 5:06–5:59 · n=1864

Played most by

Amrissa93games of this buildTheGeneraI66games of this buildAdeus57games of this buildEl_Turco56games of this buildKOT_43games of this build